 Dungeon Crawl Stone Soup version 0.29.0-4-gdea44cf6ec (webtiles) character file.

Game seed: 6233523632622042943

107 qw the Chopper (level 4, -4/26 HPs)
             Began as a Tengu Warper on Aug 28, 2022.
             Slain by a gnoll
             ... wielding a +4 whip
              (5 damage)
             ... on level 4 of the Dungeon.
             The game lasted 00:00:15 (3069 turns).

qw the Chopper (Tengu Warper)                       Turns: 3069, Time: 00:00:15

Health: -4/26      AC:  8    Str: 13    XL:     4   Next: 85%
Magic:  8/8        EV:  6    Int: 13    God:
Gold:   82         SH:  0    Dex: 14    Spells: 7/7 levels left

rFire   . . .      SeeInvis .   Y - +0 war axe
rCold   . . .      Faith    .   (no shield)
rNeg    . . .      Spirit   .   g - +0 chain mail
rPois   .          Reflect  .   (helmet restricted)
rElec   .          Harm     .   (no cloak)
rCorr   .          Rampage  .   (no gloves)
Will    .....                   (boots unavailable)
Stlth   ..........              (no amulet)
HPRegen 0.08/turn               (no ring)
MPRegen 0.11/turn               (no ring)

@: about to teleport
A: beak, talons 3
a: no special abilities


You were on level 4 of the Dungeon.
You visited 1 branch of the dungeon, and saw 4 of its levels.

You collected 82 gold pieces.


Innate Abilities, Weirdness & Mutations

You have a beak for a mouth.
You have claws for feet.


   Skills:
 - Level 2.0 Fighting
 + Level 5.3 Axes
 - Level 1.0 Throwing
 - Level 1.1 Armour
 - Level 2.1 Dodging
 - Level 2.0 Spellcasting
 - Level 2.4 Translocations


You had 7 spell levels left.
You didn't know any spells.
Your spell library contained the following spells:

 Spells                   Type           Power      Damage    Failure   Level
 Blink                    Tloc           14%        N/A       99%         2
 Gell's Gravitas          Tloc           7%         N/A       100%        3
 Lesser Beckoning         Tloc           7%         N/A       100%        3
 Teleport Other           Tloc           7%         N/A       100%        3
 Manifold Assault         Tloc           7%         N/A       100%        5

Inventory:

Hand Weapons
 c - a +1 whip of venom
 Y - a +0 war axe (weapon)
Armour
 b - a +0 cloak
 g - a +0 chain mail (worn)
Jewellery
 a - a ring of ice
Scrolls
 e - a scroll of enchant armour
 h - a scroll of identify
 j - 2 scrolls of teleportation
Potions
 d - a potion of might
 f - a potion of heal wounds {unknown}
 i - 2 potions of curing

Dungeon Overview and Level Annotations

Branches:
Dungeon (4/15)
 Temple: D:4-7

Altars:
Nemelex Xobeh

Annotations:
D:3 2 runed translucent doors, Crazy Yiuf; qw's ghost, amateur TeWr


Message History

The silver javelin pierces through the goblin!
You kill the goblin!
Throw: javelin (silver)
Press: ? - help, Q - select action Shift-Dir - straight line, f - gnoll You throw a silver javelin.
The silver javelin pierces through the gnoll.
The gnoll is moderately wounded.
The silver javelin pierces through the gnoll!
The gnoll is severely wounded.
The silver javelin pierces through the gnoll!
The gnoll is almost dead.
You hit the gnoll. Your kick misses the gnoll.
The gnoll is almost dead.
The gnoll hits you but does no damage.
You hit the gnoll. Your kick misses the gnoll.
The gnoll is almost dead.
You closely miss the gnoll. The gnoll hits you with a +0 club!
You closely miss the gnoll. You claw the gnoll, but do no damage.
The gnoll is almost dead.
You hit the gnoll. You closely miss the gnoll.
The gnoll hits you with a +4 whip. The gnoll hits you with a +0 club.
The gnoll hits you but does no damage. The gnoll hits you with a +4 whip.
The gnoll hits you with a +0 club. The gnoll hits you with a +0 flail.
You completely miss the gnoll.
The gnoll is almost dead.
You barely miss the gnoll. x2
The gnoll hits you with a +4 whip. The gnoll hits you with a +0 club.
The gnoll barely misses you.
3068 ||| READING 3 scrolls of teleportation.
As you read the scroll of teleportation, it crumbles to dust.
You feel strangely unstable. The gnoll hits you with a +4 whip.
The gnoll hits you but does no damage. The gnoll barely misses you.
You hit the gnoll but do no damage. You claw the gnoll, but do no damage.
The gnoll is almost dead.
You barely miss the gnoll. You slash the gnoll!
You kill the gnoll!
The gnoll hits you but does no damage. The gnoll hits you with a +4 whip.
You die...

.........#######
###..<...#.....# #¤~.
#......#.# #.# ~¤..
#........###.# ~¤...
#......#...#.### ¤...(
+......#.#.....#~.....
#.....##.###...#~)....
########.# #..gg..#
#.# ###@)..# ...
#.#~..... #.# #.#
..... #.. #.# .... #.#
..( #.# .. #.# . #..


You could see 2 gnolls.

Vanquished Creatures
  A jelly (D:3)
  2 adders
  A gnoll (D:4)
  2 worms (D:3)
  A dart slug (D:3)
  An orc (D:3)
  4 ball pythons
  4 endoplasms
  2 giant cockroaches
  4 goblins
  4 hobgoblins
  7 jackals
  6 bats
  3 frilled lizards
  2 kobolds
  6 rats (D:3)
50 creatures vanquished.

Notes
Turn   | Place    | Note
-------+----------+-------------------------------------------
     0 | D:1      | qw the Tengu Warper began the quest for the Orb.
     0 | D:1      | Reached XP level 1. HP: 12/12 MP: 4/4
     0 | D:1      | 0 ||| qw: Version: 0.1-a-89-g26bdef1
     0 | D:1      | 0 ||| qw: Game counter: 2698
     0 | D:1      | 0 ||| qw: Always use a shield: true
     0 | D:1      | 0 ||| qw: God list: Okawaru
     0 | D:1      | 0 ||| qw: Allow faded altars: false
     0 | D:1      | 0 ||| qw: Do Orc after D:15 true
     0 | D:1      | 0 ||| qw: Do second Lair branch before Depths: true
     0 | D:1      | 0 ||| qw: Lair rune preference: random
     0 | D:1      | 0 ||| qw: Plans: Normal
     0 | D:1      | 0 ||| PLANNING D:1-11
   411 | D:1      | Reached skill level 3 in Axes
   411 | D:1      | Reached XP level 2. HP: 17/17 MP: 6/6
   494 | D:1      | Noticed a floating eye
   495 | D:1      | Found a faded altar of an unknown god.
   498 | D:1      | Noticed a floating eye
   498 | D:1      | Noticed a golden eye
   498 | D:1      | Noticed a shining eye
   731 | D:1      | 731 ||| UPGRADING to +0 ring mail.
   741 | D:1      | 741 ||| DROPPING +0 leather armour.
   742 | D:1      | 742 ||| DROPPING orb of energy.
   743 | D:1      | 743 ||| READING scroll labelled TUNOZY LIESY.
   748 | D:1      | 748 ||| READING 4 scrolls labelled QINNIE DATINA.
   749 | D:1      | 749 ||| DRINKING 3 lumpy purple potions.
   750 | D:1      | 750 ||| DROPPING scroll of blinking.
  1035 | D:2      | 1035 ||| SWAPPING to +0 war axe.
  1036 | D:2      | 1036 ||| DROPPING +0 hand axe.
  1355 | D:2      | 1355 ||| Stepping ~*~*~tactically~*~*~ (stealth).
  1558 | D:2      | Reached XP level 3. HP: 20/21 MP: 7/7
  1629 | D:2      | 1629 ||| UPGRADING to +0 chain mail.
  1639 | D:2      | 1639 ||| DROPPING +0 ring mail.
  1640 | D:2      | 1640 ||| READING scroll labelled NAOPOTSAIS.
  1641 | D:2      | 1641 ||| READING scroll labelled XEUHUN ETA.
  1642 | D:2      | 1642 ||| READING scroll labelled BEOHA ZACVOE.
  1643 | D:2      | 1643 ||| READING 3 scrolls of identify.
  1643 | D:2      | 1643 ||| IDENTIFYING metallic cyan potion
  1644 | D:2      | 1644 ||| DROPPING potion of degeneration.
  1760 | D:3      | Found a sparkling altar of Nemelex Xobeh.
  1896 | D:3      | 1896 ||| Stepping ~*~*~tactically~*~*~ (stealth).
  1903 | D:3      | Reached skill level 4 in Axes
  2044 | D:3      | 2044 ||| DROPPING +0 whip.
  2282 | D:3      | Identified the +0 robe of Activism {Will- Regen+ rCorr}
  2286 | D:3      | Reached XP level 4. HP: 18/26 MP: 8/8
  2541 | D:3      | 2541 ||| Stepping ~*~*~tactically~*~*~ (stealth).
  2542 | D:3      | 2542 ||| Stepping ~*~*~tactically~*~*~ (stealth).
  2549 | D:3      | Reached skill level 5 in Axes
  2636 | D:3      | Found a runed translucent door.
  2641 | D:3      | Noticed qw's ghost (amateur TeWr)
  2708 | D:3      | Found a runed translucent door.
  2709 | D:3      | Noticed Crazy Yiuf
  2977 | D:3      | 2977 ||| READING scroll labelled NEVAEKA ELAPRU.
  2978 | D:3      | 2978 ||| READING 3 scrolls of identify.
  2978 | D:3      | 2978 ||| IDENTIFYING viscous amethyst potion
  2979 | D:3      | 2979 ||| READING 2 scrolls of identify.
  2979 | D:3      | 2979 ||| IDENTIFYING bubbling sapphire potion
  2980 | D:3      | 2980 ||| DROPPING potion of brilliance.
  3067 | D:4      | HP: 2/26 [gnoll/+0 club (5)]
  3068 | D:4      | 3068 ||| READING 3 scrolls of teleportation.
  3069 | D:4      | Slain by a gnoll

Levels and vault maps discovered:
D:1:      minmay_arrival_diagonal_passages, layout_loops_ring,
          hellmonk_ecumenical_altar_watching_god
D:2:      layout_rooms, chequers_serial_rivers_room_a
D:3:      minmay_inner_zag, layout_loops_ring, nemelex_spade_bored_becter,
          ebering_ghost_reflecting_pool, uniq_crazy_yiuf_cottage
D:4:      layout_basic, yredelemnul_forgotten_temple_becter,
          kennysheep_cross_room, uniq_robin

Skill      XL: |  1  2  3  4 |
---------------+-------------+-----
Axes           | 3 4 5 |  5.3
Fighting       | |  2.0
Throwing       | |  1.0
Armour         | |  1.1
Dodging        | |  2.1
Spellcasting   | |  2.0
Translocations | |  2.4

Action                   |  1- 3 |  4- 6 || total
-------------------------+-------+-------++-------
Melee: Hand axe          |    26 |       ||    26
       Peck              |    15 |     4 ||    19
       Kick              |    13 |     7 ||    20
       War axe           |    54 |    27 ||    81
       Punch             |     1 |       ||     1
Throw: Boomerang         |     7 |       ||     7
       Javelin           |       |     8 ||     8
  Use: Scroll            |     6 |     4 ||    10
       Potion            |     1 |       ||     1
Armor: Leather armour    |     2 |       ||     2
       Ring mail         |    11 |       ||    11
       Chain mail        |    32 |    12 ||    44
Dodge: Dodged            |    34 |     6 ||    40

Table legend:
 A = Non-vault XP
 B = Vault XP
 C = Vault XP percentage of total XP
 D = Non-vault monster count
 E = Vault monster count
 F = Vault count percentage of total count
                 A         B        C        D         E       F
            +---------+---------+-------+---------+---------+-------
      Total |     114 |      53 |  31.7 |      44 |       6 |  12.0
            +---------+---------+-------+---------+---------+-------
        D:1 |      13 |       0 |   0.0 |       8 |       0 |   0.0
        D:2 |      22 |       0 |   0.0 |      12 |       0 |   0.0
        D:3 |      48 |      53 |  52.5 |      20 |       6 |  23.1
        D:4 |      31 |       0 |   0.0 |       4 |       0 |   0.0
            +---------+---------+-------+---------+---------+-------
